 Dungeon Crawl Stone Soup version 0.27.1-4-g1640c2035a (webtiles) character file.

Game seed: 6555791973549629388

33597 tizbic2 the Severer (level 13, -6/125 HPs)
             Began as a Hill Orc Fighter on Nov 17, 2021.
             Constricted to death by Jorgrun (18 damage)
             ... on level 13 of the Dungeon.
             The game lasted 01:20:28 (11321 turns).

tizbic2 the Severer (Hill Orc Fighter)             Turns: 11321, Time: 01:20:29

Health: -6/125     AC: 14    Str: 24    XL:     13   Next: 72%
Magic:  20/20      EV: 12    Int: 12    God:
Gold:   1578       SH:  6    Dex: 15    Spells: 17/21 levels left

rFire    x . .     SeeInvis .   w - +7 war axe of Corruption {drain, Int+3}
rCold    + . .     Faith    .   N - +0 buckler of Boredom {Regen+}
rNeg     . . .     Spirit   .   H - +1 troll leather armour
rPois    .         Reflect  .   L - +0 helmet
rElec    .         Harm     .   p - +2 cloak
rCorr    .         Rampage  +   i - +0 pair of gloves
Will     .....                  o - +2 pair of boots {rampage}
Stlth    ..........             r - amulet of the acrobat
HPRegen  2.30/turn              n - ring of the Endless Expanse {EV+4 Str+3 Dex+3}
MPRegen  0.17/turn              E - ring of ice

@: silenced, grasped by roots, constricted
A: no striking features
a: no special abilities


You were on level 13 of the Dungeon.
You visited 2 branches of the dungeon, and saw 14 of its levels.
You also visited: Bailey and Ice Cave.

You collected 1578 gold pieces.

Inventory:

Hand Weapons
 a - a +1 hunting sling of flaming
 k - a +2 antimagic dagger
 s - a +3 short sword of speed
 w - the +7 war axe of Corruption (weapon) {drain, Int+3}
   (You found it on level 8 of the Dungeon)

   A truly terrible weapon, it drains the life of any living foe it strikes.
   Int:       It affects your intelligence (+3).
 x - a +1 longbow of freezing
 D - the +6 dagger "Secret Weapon" {holy, rC++ Will++ Int-2}
   (You found it on level 5 of the Dungeon)

   It has been blessed by the Shining One to cause great damage to the undead
   and demons.
   Int:       It affects your intelligence (-2).
   rC:        It greatly protects you from cold.
   Will:      It greatly increases your willpower.
 I - a +4 whip of electrocution
 T - a +2 scimitar of flaming
 Y - a +2 battleaxe of freezing
Missiles
 P - 21 poisoned darts (quivered)
 Q - 94 sling bullets
Armour
 b - a +2 scale mail of cold resistance
 i - a +0 pair of gloves (worn)
 l - +0 swamp dragon scales
 o - a +2 pair of boots of rampaging (worn)
 p - a +2 cloak (worn)
 q - a +1 plate armour of cold resistance
 F - the +0 scale mail "Idghoyr" {Contam rF+ Int+4}
   (You found it on level 5 of the Dungeon)

   Int:       It affects your intelligence (+4).
   rF:        It protects you from fire.
   Contam:    It causes magical contamination when unequipped.
 H - a +1 troll leather armour (worn)
 L - a +0 helmet (worn)
 N - the +0 buckler of Boredom (worn) {Regen+}
   (You found it on level 6 of the Dungeon)

   Regen:     It increases your rate of health regeneration.
Jewellery
 n - the ring of the Endless Expanse (left hand) {EV+4 Str+3 Dex+3}
   (You took it off a kobold on level 4 of the Dungeon)

   [ring of evasion]

   EV:        It affects your evasion (+4).
   Str:       It affects your strength (+3).
   Dex:       It affects your dexterity (+3).
 r - an amulet of the acrobat (around neck)
 y - a ring of poison resistance
 E - a ring of ice (right hand)
Wands
 f - a wand of polymorph (5)
 h - a wand of mindburst (13)
 z - a wand of acid (15)
 C - a wand of digging (7)
 U - a wand of charming (4)
Scrolls
 g - 4 scrolls of magic mapping
 j - 4 scrolls of teleportation
 K - 2 scrolls of summoning
 O - 4 scrolls of fear
 V - a scroll of blinking
Potions
 c - a potion of haste
 d - 3 potions of might
 e - 2 potions of brilliance
 m - 3 potions of magic
 t - a potion of curing {unknown}
 v - 5 potions of cancellation
 A - a potion of lignification
 B - a potion of mutation {unknown}
 G - a potion of berserk rage
 R - a potion of flight
 X - 2 potions of resistance
 Z - a potion of degeneration {unknown}
Miscellaneous
 u - a phantom mirror
 M - a phial of floods


   Skills:
 + Level 14.6 Fighting
 - Level 16.1 Axes
 - Level 6.1 Slings
 - Level 4.6 Armour
 - Level 7.8 Shields
 + Level 4.7 Spellcasting
 * Level 9.1 Hexes
 - Level 0.5 Evocations


You had 17 spell levels left.
You knew the following spells:

 Your Spells              Type           Power      Damage    Failure   Level
a - Corona                Hex            26%        N/A       1%          1
b - Dazzling Flash        Conj/Hex       26%        N/A       11%         3

Your spell library contained the following spells:

 Spells                   Type           Power      Damage    Failure   Level
 Tukima's Dance           Hex            24%        N/A       1%          3
 Ensorcelled Hibernation  Hex/Ice        40%        N/A       5%          2
 Static Discharge         Conj/Air       2%         N/A       34%         2
 Silence                  Hex/Air        6%         N/A       69%         5
 Yara's Violent Unravell  Hex/Tmut       6%         3d5       69%         5
 Animate Dead             Necr           1%         N/A       92%         4
 Dispel Undead            Necr           2%         3d7       92%         4
 Passage of Golubria      Tloc           N/A        N/A       92%         4
 Sticky Flame             Conj/Fire      2%         2d3       92%         4
 Agony                    Necr           2%         N/A       99%         5
 Borgnjor's Vile Clutch   Necr/Erth      1%         N/A       99%         5
 Freezing Cloud           Conj/Ice/Air   2%         6-21      99%         5
 Death Channel            Necr           1%         N/A       100%        6
 Simulacrum               Ice/Necr       2%         N/A       100%        6
 Polar Vortex             Ice            2%         N/A       100%        9


Dungeon Overview and Level Annotations

Branches:
Dungeon (13/15)            Temple (1/1) D:6            Lair (0/6) D:11
    Orc (0/2) D:12         Bailey (visited)           IceCv (visited)
 Vaults: D:13-14

Altars:
Ashenzari
Cheibriados
Dithmenos
Elyvilon
Fedhas
Gozag
Hepliaklqana
Kikubaaqudgha
Makhleb
Nemelex Xobeh
Okawaru
Qazlal
Ru
Sif Muna
Trog
Uskayaw
Vehumet
Wu Jian
Xom
Yredelemnul
Zin
The Shining One

Shops:
D:7 [

Annotations:
D:12 3 runed translucent doors, Veixkuz's ghost, journeyman MiBe
D:13 Jorgrun


Message History

You slash Jorgrun!
Jorgrun is heavily wounded.
You hit the wraith but do no damage. Jorgrun completely misses you.
The wraith hits you!
You closely miss Jorgrun.
Jorgrun is heavily wounded.
You hit the wraith. Jorgrun casts a spell at you. The iron shot hits you!!!
* * * LOW HITPOINT WARNING * * *
The wraith hits you!
* * * LOW HITPOINT WARNING * * *
You feel much better. Jorgrun hits you but does no damage.
Jorgrun shatters you.
* * * LOW HITPOINT WARNING * * *
You block the wraith's attack.
You closely miss Jorgrun.
Jorgrun is heavily wounded.
You slash the wraith!
You destroy the wraith!
Jorgrun hits you with a staff of earth!
* * * LOW HITPOINT WARNING * * *
Jorgrun hits you but does no damage.
Your magical effects are unravelling.
You feel magically purged.
You feel yourself speed up. Jorgrun hits you but does no damage.
You slash Jorgrun! You drain Jorgrun.
Jorgrun is heavily wounded.
Jorgrun points at you and mumbles some strange words.
Roots burst forth from the earth!
The grasping roots grab you! The grasping roots constrict you.
* * * LOW HITPOINT WARNING * * *
Okay, then.
As you read the scroll of silence, it crumbles to dust.
A profound silence engulfs you. Jorgrun hits you with a staff of earth.
* * * LOW HITPOINT WARNING * * *
The grasping roots constrict you!!
You die...

###.## ##.#
#.#...#
###...
#.#.###
##.....
#.#.#
#......
#.#.#
#......
#.#.#
#......
#.#.#
#......
##.#.#
#.#####
#.@..# #.#
#.g###
####.####
....$.
#.../...##
.........
#.........
#..........
#..(....##
#..........#
#.......#
#..........#
#.......#
############
#########


You could see Jorgrun (drained).

Vanquished Creatures
  A frost giant (IceCv)
  The ghost of SomeStars the Thaumaturge, a journeyman DjTm of Ashenzari (D:10)
  5 boulder beetles
  Erica (D:9)
  3 two-headed ogres
  6 death yaks (IceCv)
  An orc high priest (Bailey)
  Sonja (D:12)
  2 deep elf pyromancers
  An orc knight (Bailey)
  An ugly thing (D:11)
  3 manticores
  2 cyclopes (D:11)
  Joseph (D:7)
  An ice statue (IceCv)
  7 rime drakes (IceCv)
  Maggie (D:9)
  2 kobold demonologists
  3 trolls
  4 polar bears (IceCv)
  2 shadows
  2 wraiths
  2 wyverns (D:9)
  19 yaks
  2 steam dragons (D:7)
  Edmund (D:4)
  Menkaure (D:7)
  A warg (D:12)
  2 acid dragons (D:11)
  2 water moccasins (D:11)
  3 ice beasts
  19 orc warriors
  A sky beast (D:7)
  3 black bears
  7 wolves (IceCv)
  7 centaurs
  3 ogres
  A phantom (D:6)
  2 kobold brigands (D:10)
  3 gnoll sergeants
  6 bullfrogs
  A water moccasin zombie (D:5)
  4 scorpions
  9 killer bees
  8 wights
  3 electric eels (Bailey)
  5 centaur zombies
  A bullfrog skeleton (D:7)
  A hound (D:7)
  5 orc priests
  An iguana (D:6)
  10 orc wizards
  A scorpion zombie (D:5)
  A howler monkey zombie (D:8)
  20 gnolls
  A howler monkey skeleton (D:7)
  12 adders
  2 shadow imps
  A white imp (D:8)
  3 worms
  A dart slug (D:4)
  51 orcs
  8 ball pythons
  5 endoplasms
  3 giant cockroaches
  13 goblins
  17 hobgoblins
  3 jackals (D:3)
  15 kobolds
  2 quokkas
  7 bats
  3 frilled lizards
  8 rats
361 creatures vanquished.

Vanquished Creatures (others)
  A steam dragon (D:7)
  51 fungi (D:11)
  41 plants
93 creatures vanquished.

Grand Total: 454 creatures vanquished

Notes
Turn   | Place    | Note
-------+----------+-------------------------------------------
     0 | D:1      | tizbic2 the Hill Orc Fighter began the quest for the Orb.
     0 | D:1      | Reached XP level 1. HP: 19/19 MP: 1/1
   310 | D:1      | Reached XP level 2. HP: 20/27 MP: 2/2
   724 | D:1      | Reached skill level 3 in Axes
   724 | D:1      | Reached XP level 3. HP: 28/33 MP: 3/3
   769 | D:1      | Found a faded altar of an unknown god.
  1122 | D:2      | Noticed an ogre
  1139 | D:2      | Killed an ogre
  1140 | D:2      | Reached XP level 4. HP: 23/41 MP: 4/4
  1140 | D:2      | Reached XP level 5. HP: 27/47 MP: 5/5
  1511 | D:2      | Found a sacrificial altar of Ru.
  1952 | D:3      | Reached skill level 5 in Fighting
  2306 | D:3      | Reached XP level 6. HP: 56/56 MP: 6/6
  2401 | D:3      | Found a blossoming altar of Fedhas.
  2479 | D:4      | Reached skill level 4 in Axes
  2479 | D:4      | Reached skill level 5 in Shields
  2690 | D:4      | Reached XP level 7. HP: 57/63 MP: 7/7
  2724 | D:4      | Identified the ring of the Endless Expanse {EV+4 Str+3
                  | Dex+3}
  2888 | D:4      | Found a hazy altar of Hepliaklqana.
  2919 | D:4      | Noticed Edmund
  2927 | D:4      | Killed Edmund
  3063 | D:5      | Entered Level 5 of the Dungeon
  3117 | D:5      | Reached skill level 5 in Axes
  3441 | D:5      | Identified the +6 dagger "Secret Weapon" {holy, rC++ Will++
                  | Int-2}
  3480 | D:5      | Reached XP level 8. HP: 50/73 MP: 8/8
  3516 | D:5      | Identified the +0 scale mail "Idghoyr" {Contam rF+ Int+4}
  3519 | D:5      | Found a sacrificial altar of Ru.
  3776 | D:5      | Identified a scroll of acquirement
  3862 | D:5      | Acquired a +1 pair of boots of rampaging
  4130 | D:6      | Reached skill level 6 in Axes
  4198 | D:6      | Found a staircase to the Ecumenical Temple.
  4207 | Temple   | Entered the Ecumenical Temple
  4565 | D:6      | Identified the +0 buckler of Boredom {Regen+}
  4706 | D:6      | Reached skill level 7 in Axes
  4706 | D:6      | Reached XP level 9. HP: 82/82 MP: 9/9
  4870 | D:6      | Found a burning altar of Makhleb.
  4998 | D:6      | Reached skill level 8 in Axes
  5161 | D:7      | Found Gogajil's Antique Armour Shop.
  5296 | D:7      | Reached skill level 9 in Axes
  5311 | D:7      | Noticed a boulder beetle
  5326 | D:7      | Killed a boulder beetle
  5327 | D:7      | Reached skill level 10 in Fighting
  5327 | D:7      | Reached skill level 10 in Axes
  5347 | D:7      | Noticed Joseph
  5355 | D:7      | Reached skill level 11 in Axes
  5355 | D:7      | Reached XP level 10. HP: 38/94 MP: 10/10
  5367 | D:7      | Killed Joseph
  5583 | D:7      | Noticed Menkaure
  5584 | D:7      | Found a shimmering altar of Xom.
  5640 | D:7      | Killed Menkaure
  5678 | D:7      | Found a snail-covered altar of Cheibriados.
  5710 | D:7      | Found a hide-covered altar of Uskayaw.
  5778 | D:7      | Found a sparkling altar of Nemelex Xobeh.
  5780 | D:7      | Found a basalt altar of Yredelemnul.
  6105 | D:8      | Reached skill level 1 in Slings
  6106 | D:8      | Reached skill level 12 in Axes
  6139 | D:8      | Identified the +7 war axe of Corruption {drain, Int+3}
  6221 | D:8      | Found a glowing golden altar of the Shining One.
  6755 | D:8      | Noticed a two-headed ogre
  6775 | D:8      | Killed a two-headed ogre
  6776 | D:8      | Reached skill level 13 in Axes
  6902 | D:9      | Found a flagged portal.
  6940 | Bailey   | Entered a bailey
  6973 | Bailey   | Found an iron altar of Okawaru.
  6973 | Bailey   | Noticed an orc high priest
  6973 | Bailey   | Noticed a kobold demonologist
  6977 | Bailey   | Noticed an orange demon
  6983 | Bailey   | Killed a kobold demonologist
  6989 | Bailey   | Killed an orc high priest
  6990 | Bailey   | Reached XP level 11. HP: 95/104 MP: 11/11
  7211 | Bailey   | Reached skill level 14 in Axes
  7330 | Bailey   | Noticed an orc knight
  7338 | Bailey   | Killed an orc knight
  7414 | D:9      | Acquired 773 gold pieces
  7473 | D:9      | Noticed Maggie
  7480 | D:9      | Killed Maggie
  7545 | D:9      | Found a shimmering blue altar of Sif Muna.
  7624 | D:9      | Noticed Erica
  7656 | D:9      | Killed Erica
  7824 | D:10     | Entered Level 10 of the Dungeon
  7830 | D:10     | Found a runed translucent gate.
  7831 | D:10     | Found a runed translucent gate.
  7833 | D:10     | Found a runed translucent gate.
  7835 | D:10     | Noticed SomeStars's ghost (journeyman DjTm)
  7859 | D:10     | Killed SomeStars's ghost
  7860 | D:10     | Reached skill level 15 in Axes
  7860 | D:10     | Reached skill level 5 in Slings
  8223 | D:10     | Found an opulent altar of Gozag.
  8289 | D:10     | Noticed a two-headed ogre
  8296 | D:10     | Killed a two-headed ogre
  8481 | D:10     | Found a radiant altar of Vehumet.
  9047 | D:11     | Noticed a two-headed ogre
  9061 | D:11     | Killed a two-headed ogre
  9062 | D:11     | Reached XP level 12. HP: 93/113 MP: 12/12
  9169 | D:11     | Reached skill level 16 in Axes
  9195 | D:11     | Found a staircase to the Lair.
  9219 | D:11     | Reached skill level 1 in Hexes
  9419 | D:11     | Found a frozen archway.
  9440 | D:11     | Learned a level 1 spell: Corona
  9442 | IceCv    | Entered an ice cave
  9464 | IceCv    | Reached skill level 1 in Spellcasting
  9504 | IceCv    | Noticed a death yak
  9504 | IceCv    | Noticed a death yak
  9519 | IceCv    | Killed a death yak
  9521 | IceCv    | Killed a death yak
  9699 | IceCv    | Noticed a death yak
  9716 | IceCv    | Killed a death yak
  9733 | IceCv    | Noticed a death yak
  9742 | IceCv    | Killed a death yak
  9743 | IceCv    | Reached skill level 5 in Hexes
  9759 | IceCv    | Noticed a death yak
  9771 | IceCv    | Killed a death yak
  9782 | IceCv    | Reached XP level 13. HP: 123/123 MP: 17/17
  9795 | IceCv    | Noticed a frost giant
  9826 | IceCv    | Killed a frost giant
 10022 | D:11     | Found a bloodstained altar of Trog.
 10178 | D:11     | Learned a level 3 spell: Dazzling Flash
 10285 | D:11     | You fall into a shaft and drop 1 floor!
 10324 | D:12     | Noticed Sonja
 10339 | D:12     | Found a staircase to the Orcish Mines.
 10342 | D:12     | Killed Sonja
 10660 | D:12     | Found a runed translucent gate.
 10660 | D:12     | Found a runed translucent gate.
 10660 | D:12     | Found a runed translucent gate.
 10665 | D:12     | Noticed Veixkuz's ghost (journeyman MiBe)
 11304 | D:13     | Noticed Jorgrun
 11316 | D:13     | HP: 3/125 [wraith (10)]
 11321 | D:13     | Constricted to death by Jorgrun

Illustrated notes

Levels and vault maps discovered:
D:1:      minmay_arrival_cross, layout_basic, chequers_ecumenical_altar_twisty,
          minmay_tiny_reverse_x
D:2:      layout_basic, basic_altar
D:3:      layout_rooms, fedhas_altar_fruit_tree, chequers_serial_rivers_large_a
D:4:      layout_cave_pools, lemuel_crystal_altar, guppyfry_early_lair_pool,
          uniq_edmund
D:5:      layout_cave_pods, nicolae_ru_path_of_blood, minivault_4, st_stairs_7
D:6:      layout_gridville, old_standard_altar, minmay_temple_entry_junction_2
D:7:      cheibrodos_steamvent, layout_loops_ring, lemuel_tele_altar,
          mainiacjoe_overflow_brackets, nicolae_overflow_hidden_temple,
          serial_shops, shop, minmay_stone_trees_small, uniq_joseph,
          uniq_menkaure
D:8:      kennysheep_ambush_hall, layout_basic, tso_oasis_becter
D:9:      layout_cave_pools, led_sif_pool, enter_bailey_3, uniq_maggie,
          uniq_erica
D:10:     layout_irregular_city, nicolae_gozag_cash_rules_everything_around_me,
          mainiacjoe_overflow_catwalk, ebering_ghost_rock_garden,
          serial_co_window_serial, co_window_corner_a, co_window_cross_1,
          co_window_corner_a, co_window_of_opportunity_a, co_window_paths_a,
          co_window_of_opportunity_b, co_window_corner_cb, co_window_broadway_a,
          co_window_4corner_b, co_window_4corner_a, glass_columns_a,
          glass_columns_b, glass_columns_a, glass_columns_c, grunt_ministairs_1,
          kennysheep_pointless_box
D:11:     kennysheep_blocky_room, layout_long_grid, due_lair_maze_entry_diamond,
          portal_ice_cave_entry_pillars_1, tgw_trog
D:12:     layout_loops_ring, david_orc_1_choice, gammafunk_ghost_necromancy,
          uniq_sonja
D:13:     layout_rooms, skrybe_vaults_entry_preservation,
          gammafunk_ghost_necromancy, chequers_serial_rivers_room_a,
          uniq_jorgrun
Temple:   dpeg_three_leaves_temple

Skill      XL: |  1  2  3  4  5  6  7  8  9 10 11 12 13 |
---------------+----------------------------------------+-----
Fighting       | 4 5 6 7 8 10 11 12 13 14 | 14.6
Axes           | 3 4 5 7 11 13 15 16 | 16.1
Armour         | 4 |  4.6
Shields        | 4 5 6 7 |  7.8
Slings         | 3 5 6 |  6.1
Hexes          | 6 9 |  9.1
Spellcasting   | 3 4 |  4.7
Evocations     | |  0.5

Action                   |  1- 3 |  4- 6 |  7- 9 | 10-12 | 13-15 || total
-------------------------+-------+-------+-------+-------+-------++-------
Melee: War axe           |    90 |    32 |       |   377 |   180 ||   679
       Hand axe          |       |    90 |   242 |    48 |       ||   380
       Battleaxe         |       |       |     7 |       |       ||     7
 Fire: Hunting sling     |       |       |       |    22 |       ||    22
Throw: Stone             |    10 |     9 |       |       |       ||    19
       Boomerang         |       |       |     6 |       |       ||     6
 Cast: Corona            |       |       |       |     1 |       ||     1
       Dazzling Flash    |       |       |       |       |     2 ||     2
  Use: Scroll            |       |     6 |     2 |    14 |     7 ||    29
       Potion            |       |     1 |       |       |     5 ||     6
Armor: Scale mail        |    48 |       |       |       |       ||    48
       Plate armour      |     1 |    98 |   110 |    34 |       ||   243
       Troll leather arm |       |       |       |    79 |    61 ||   140
Dodge: Dodged            |    30 |    26 |   114 |   239 |    78 ||   487
Block: Kite shield       |    71 |    88 |    98 |       |       ||   257
       Buckler           |       |       |    29 |   107 |    42 ||   178
